 Dungeon Crawl Stone Soup version 0.30-a0-1160-g6e42c06551 (webtiles) character file.

Game seed: 14197334917735924192

131 bearlyready the Poker (level 5, 0/41 HPs)
             Began as a Merfolk Monk on Apr 23, 2023.
             Slain by a kobold
             ... wielding a +2 dagger of protection
              (4 damage)
             ... on level 2 of the Dungeon on Apr 26, 2023.
             The game lasted 00:04:02 (970 turns).

bearlyready the Poker (Merfolk Monk)                 Turns: 970, Time: 00:04:02

Health: 0/41       AC:  2    Str: 14    XL:     5   Next: 14%
Magic:  5/5        EV: 13    Int:  9    God:
Gold:   78         SH:  0    Dex: 16    Spells: 4/4 levels left

rFire   . . .        a - +1 spear
rCold   . . .        d - orb {light}
rNeg    + . .        b - +0 robe
rPois   .            (no helmet)
rElec   .            (no cloak)
rCorr   .            (no gloves)
SInv    .            (no boots)
Will    .....        (no amulet)
Stlth   +            l - ring of positive energy
HPRegen 0.26/turn    (no ring)
MPRegen 0.09/turn

%: no passive effects
@: glowing
A: (nimble swimmer 2), mertail
a: no special abilities


You were on level 2 of the Dungeon.
You visited 1 branch of the dungeon, and saw 2 of its levels.

You collected 78 gold pieces.

Inventory:

Hand Weapons
 a - a +1 spear (weapon)
 g - a +1 whip of venom
 j - a +3 dagger of draining
Armour
 b - a +0 robe (worn)
 d - an orb of light (worn)
 k - a +0 leather armour
Magical Staves
 n - the staff of fire "Faloume" {rPois rF+ Will+}
   (You found it on level 2 of the Dungeon)

   [staff of fire]

   Base accuracy: +5 Base damage: 5 Base attack delay: 1.2 This weapon's minimum
   attack delay (0.6) is reached at skill level 12.
   rF:        It protects you from fire.
   rPois:     It protects you from poison.
   Will:      It increases your willpower.
   It falls into the 'Staves' category.
   It is a one-handed weapon.
Jewellery
 l - a ring of positive energy (left hand)
Wands
 q - a wand of paralysis (7)
Scrolls
 e - a scroll of fear {unknown}
 f - 2 scrolls of teleportation {unknown}
 o - a scroll of magic mapping
 p - a scroll of vulnerability {unknown}
 r - 3 scrolls of poison {unknown}
Potions
 c - a potion of ambrosia


   Skills:
 - Level 3.2 Fighting
 + Level 7.5 Polearms
 - Level 4.0 Dodging


You had 4 spell levels left.
You didn't know any spells.
Your spell library contained the following spells:

 Spells                   Type           Power      Damage    Failure   Level
 Portal Projectile        Hex/Tloc       0%         N/A       77%         3
 Tukima's Dance           Hex            0%         N/A       77%         3
 Blade Hands              Tmut           0%         N/A       100%        5


Dungeon Overview and Level Annotations

Branches:
Dungeon (2/15)

Altars:

Shops:
D:2 =

Annotations:
D:1 1 transporter


Innate Abilities, Weirdness & Mutations

((You are very nimble when in or above water. (Stealth+, EV+, Speed+++)))
Your lower body shifts to a powerful aquatic tail in water.


Message History

You hit the kobold.
The kobold is moderately wounded.
The kobold hits you with a +2 dagger of protection.
* * * LOW HITPOINT WARNING * * *
You closely miss the kobold.
The kobold is moderately wounded.
The kobold attacks as you move away! The kobold misses you.
The kobold attacks as you move away!
The kobold hits you with a +2 dagger of protection.
* * * LOW HITPOINT WARNING * * *
A goblin comes into view. It is wielding a +0 dagger.
The goblin shouts!
You hear an angry hiss.
A kobold comes into view. It is wielding a +0 short sword.
An endoplasm comes into view.
Okay, then.
It was a potion of curing.
You feel better.
The kobold shouts!
The endoplasm quivers.
You hear a shout!
The kobold hits you with a +2 dagger of protection.
* * * LOW HITPOINT WARNING * * *
A ball python comes into view.
The kobold attacks as you move away!
The kobold hits you with a +2 dagger of protection.
* * * LOW HITPOINT WARNING * * *
As you read the scroll labelled INGOSED URRYES, it crumbles to dust.
It is a scroll of identify.
o - a scroll of magic mapping The kobold hits you with a +2 dagger of protection.
* * * LOW HITPOINT WARNING * * *
As you read the scroll labelled SAIGUN PYDIAH, it crumbles to dust.
It is a scroll of enchant weapon.
Your +0 spear glows red for a moment.
The kobold closely misses you. The kobold attacks as you move away!
The kobold hits you with a +2 dagger of protection.
* * * LOW HITPOINT WARNING * * *
Okay, then.
The kobold attacks as you move away!
The kobold hits you with a +2 dagger of protection.
You die...

.......# .......## .......##
.......## #. #......#### #..
##### #....#..... ... ....#
#......#### #.# ....#
#.........## #.# ....#
#†.†##.##.@###.# ... ....#
#†..##.>##.K##.# .S.
....###...##..###....#########K..
.......).∩.........J........#....
....###.>.###.......g..####.gJ...
....# #...# #..........####...###
....# ##### #........SK..#.<.....
##.## #..........#.....# #.#
#....†.....#.....###


You could see an endoplasm, a goblin, a ball python and 2 kobolds.

Vanquished Creatures
  Natasha (thrice) (D:2)
  An adder (D:2)
  7 bats
  2 endoplasms (D:2)
  3 giant cockroaches
  4 goblins
  2 hobgoblins
  3 jackals (D:2)
  3 quokkas
  5 ball pythons
  4 frilled lizards (D:1)
  4 kobolds
  7 rats
48 creatures vanquished.

Notes
Turn   | Place    | Note
-------+----------+-------------------------------------------
     0 | D:1      | bearlyready the Merfolk Monk began the quest for the Orb.
     0 | D:1      | Reached XP level 1. HP: 18/18 MP: 1/1
   114 | D:1      | Reached XP level 2. HP: 22/24 MP: 2/2
   181 | D:1      | Reached skill level 5 in Polearms
   275 | D:1      | Upgraded the game from 0.30-a0-1123-gabc949cf19 to
                  | 0.30-a0-1160-g6e42c06551
   324 | D:1      | Reached XP level 3. HP: 26/29 MP: 3/3
   595 | D:2      | Found Geiw's Jewellery Shop.
   595 | D:2      | Noticed Natasha
   604 | D:2      | Killed Natasha
   605 | D:2      | Reached skill level 6 in Polearms
   610 | D:2      | Reached XP level 4. HP: 13/35 MP: 4/4
   712 | D:2      | Noticed Natasha
   725 | D:2      | Killed Natasha
   820 | D:2      | Reached skill level 7 in Polearms
   865 | D:2      | Identified the staff of fire "Faloume" {rPois rF+ Will+}
   914 | D:2      | Noticed Natasha
   939 | D:2      | Killed Natasha
   940 | D:2      | Reached XP level 5. HP: 21/41 MP: 5/5
   970 | D:2      | Slain by a kobold

Illustrated notes

Levels and vault maps discovered:
D:1:      spicycebolla_arrival_risky_transporter, layout_basic,
          minmay_pentomino_s4
D:2:      minmay_evil_eye, layout_rooms, serial_shops, shop, uniq_natasha

Skill      XL: |  1  2  3  4 |
---------------+-------------+-----
Polearms       | 5 6 7 |  7.5
Fighting       | |  3.2
Dodging        | |  4.0

Action                     |  1- 3 |  4- 6 || total
---------------------------+-------+-------++-------
  Melee: Spear             |    82 |    64 ||   146
         Unarmed           |       |    24 ||    24
    Use: Scroll            |       |     2 ||     2
         Potion            |       |     1 ||     1
 Armour: Robe              |    16 |     5 ||    21
  Dodge: Dodged            |    44 |    49 ||    93

Table legend: (Time is in decaauts)
 A = Elapsed time spent in this place.
 B = Non-inter-level travel time spent in this place.
 C = Inter-level travel time spent in this place.
 D = Time resting spent in this place.
 E = Time spent auto-exploring this place.
 F = Levels seen in this place.
 G = Mean time per level.
                   A        B        C        D        E       F      G
               +--------+--------+--------+--------+--------+-----+--------+
         Total |    937 |    932 |      5 |    119 |    500 |   2 |  468.5 |
       Dungeon |    937 |    932 |      5 |    119 |    500 |   2 |  468.5 |
               +--------+--------+--------+--------+--------+-----+--------+

Top non-repeatable levels by time:
     D:1: 695 daAuts
     D:2: 242 daAuts
